 Dungeon Crawl Stone Soup version 0.31-a0-232-gb1c03b2570 (webtiles) character file.

Game seed: 1530602712672763855

39 qw the Shooter (level 3, -1/21 HPs)
             Began as a Gargoyle Hexslinger on July 6, 2023.
             Slain by an adder (2 damage)
             ... on level 1 of the Dungeon.
             The game lasted 00:00:21 (938 turns).

qw the Shooter (Gargoyle Hexslinger)                 Turns: 938, Time: 00:00:22

Health: -1/21      AC:  5    Str: 11    XL:     3   Next: 47%
Magic:  4/4        EV: 12    Int: 13    God:
Gold:   63         SH:  0    Dex: 14    Spells: 3/4 levels left

rFire   . . .        Y - +1 sling
rCold   . . .        (no shield)
rNeg    + . .        c - +0 robe
rPois   inf          (no helmet)
rElec   +            (no cloak)
rCorr   .            (no gloves)
SInv    .            (no boots)
Will    .....        (no amulet)
Stlth   +            (no ring)
HPRegen 0.23/turn    (no ring)
MPRegen 0.09/turn

%: no passive effects
@: no status effects
A: sickness immunity, AC +3, negative energy resistance 1, electricity
resistance, torment resistance 1, petrification resistance
a: no special abilities


You were on level 1 of the Dungeon.
You visited 1 branch of the dungeon, and saw 2 of its levels.

You collected 63 gold pieces.


Innate Abilities, Weirdness & Mutations

You are immune to sickness and miasma.
Your stone body is resilient. (AC +3)
You are immune to poison.
You resist negative energy. (rN+)
You are resistant to electric shocks. (rElec)
You are resistant to unholy torment.
You are immune to petrification.


   Skills:
 - Level 2.0 Fighting
 + Level 3.4 Ranged Weapons
 - Level 1.5 Dodging
 - Level 1.0 Spellcasting
 - Level 2.6 Hexes


You had 3 spell levels left.
You knew the following spells:

 Your Spells              Type           Power      Damage    Failure   Level
a - Slow                  Hex            28%        N/A       10%         1

Your spell library contained the following spells:

 Spells                   Type           Power      Damage    Failure   Level
 Inner Flame              Hex/Fire       4%         N/A       43%         3
 Portal Projectile        Hex/Tloc       8%         N/A       43%         3
 Cause Fear               Hex            3%         N/A       67%         4

Inventory:

Hand Weapons
 Y - a +1 sling (weapon)
Armour
 c - a +0 robe (worn)
Potions
 d - a potion of might {unknown}

Dungeon Overview and Level Annotations

Branches:
Dungeon (2/15)

Altars:


Message History

You shoot a sling bullet. The sling bullet hits the ball python.
You kill the ball python!
The goblin hits you but does no damage. The rat bites you but does no damage.
The adder closely misses you.
You shoot a sling bullet. The sling bullet hits the adder.
The adder is severely wounded.
The adder closely misses you. The rat barely misses you.
The goblin hits you but does no damage. The adder bites you.
The rat misses you. The goblin hits you with a +0 dagger.
You shoot a sling bullet.
The sling bullet barely misses the adder.
The adder bites you. The rat barely misses you.
The goblin hits you but does no damage.
You shoot a sling bullet.
The sling bullet barely misses the adder.
The adder barely misses you. The adder bites you.
The goblin hits you with a +0 dagger. The rat bites you but does no damage.
You shoot a sling bullet.
The sling bullet barely misses the adder.
The adder bites you but does no damage. The rat barely misses you.
The goblin closely misses you. The adder barely misses you.
You shoot a sling bullet.
The sling bullet barely misses the adder.
The goblin misses you. The rat closely misses you. The adder bites you.
You shoot a sling bullet. The sling bullet misses the adder.
The adder bites you but does no damage. The rat bites you but does no damage.
The goblin barely misses you. The adder misses you. The rat bites you.
The goblin misses you.
You shoot a sling bullet.
The sling bullet closely misses the adder.
The adder barely misses you. The rat closely misses you. The goblin misses you.
You shoot a sling bullet.
The sling bullet barely misses the adder.
The adder bites you. The rat bites you but does no damage.
The goblin misses you. The adder barely misses you.
You shoot a sling bullet.
The sling bullet closely misses the adder.
The adder bites you but does no damage. The rat bites you but does no damage.
The goblin hits you but does no damage. The adder bites you.
You die...

#### #.##.# #........ #_# #####
#.##.########.#..
###'###...#####.##............#
##.....###....##.##........#.#..
##.......##.##.##.##.#####.##.#.#
#.........#..#..#.#..# #.##.#.#
#...................## #.##.#.#
#...#ยค#.......#gr..#######.##.#.#
'...~_~.....}.##@S.........##.#.#
#...#~#..%...+###############.#.#
#.......%........# #......#.#
#.........#......##### #(######.#
##.......##......#...# #.######.#
##.....##.......#...###.##.:.#.#
###'#######....%....##....#....
#%# ######....####.....#. ###
#....# #..#....


You could see an adder, a goblin and a rat.

Vanquished Creatures
  A dart slug (D:1)
  2 endoplasms (D:1)
  4 giant cockroaches (D:1)
  4 goblins (D:1)
  7 hobgoblins
  A quokka (D:1)
  3 ball pythons
  2 bats (D:1)
  A frilled lizard (D:1)
  4 kobolds
  4 rats (D:1)
33 creatures vanquished.

Notes
Turn   | Place    | Note
-------+----------+-------------------------------------------
     0 | D:1      | qw the Gargoyle Hexslinger began the quest for the Orb.
     0 | D:1      | Reached XP level 1. HP: 12/12 MP: 2/2
     0 | D:1      | 0 ||| qw: Version: 0.3-a-46-gb1f654a
     0 | D:1      | 0 ||| qw: Game counter: 2104
     0 | D:1      | 0 ||| qw: Melee chars always use a shield: true
     0 | D:1      | 0 ||| qw: God list: Okawaru
     0 | D:1      | 0 ||| qw: Allow faded altars: false
     0 | D:1      | 0 ||| qw: Do Orc after clearing Dungeon:15 true
     0 | D:1      | 0 ||| qw: Do second Lair branch before Depths: true
     0 | D:1      | 0 ||| qw: Lair rune preference: random
     0 | D:1      | 0 ||| qw: Goals: Normal
     0 | D:1      | 0 ||| PLANNING D:1-11
    70 | D:1      | Reached XP level 2. HP: 16/16 MP: 3/3
   103 | D:1      | 103 ||| FLEEEEING.
   115 | D:1      | Reached skill level 3 in Ranged Weapons
   355 | D:1      | Reached XP level 3. HP: 21/21 MP: 4/4
   383 | D:1      | Found a faded altar of an unknown god.
   864 | D:1      | 864 ||| READING scroll labelled CEFIUX AREURAD.
   865 | D:1      | 865 ||| READING scroll labelled AMESEN BUHADGH.
   866 | D:1      | 866 ||| DROPPING scroll of poison.
   925 | D:2      | 925 ||| STAIRDANCE
   932 | D:1      | HP: 5/21 [goblin/+0 dagger (3)]
   934 | D:1      | HP: 2/21 [adder (4)]
   938 | D:1      | Slain by an adder

Levels and vault maps discovered:
D:1:      saegor_arrival_simple_c, layout_basic,
          hellmonk_ecumenical_altar_defaced_shrine, minmay_misc_feat_five,
          ebering_dispersal_statue_hall, chequers_serial_rivers_micro_e,
          minmay_heptomino_h4
D:2:      layout_rooms, serial_aquarium, aquarium_bridge_square
          [aquarium_subvault_wall, aquarium_subvault_wall,
          aquarium_subvault_bridge, aquarium_subvault_bridge],
          aquarium_window_1, aquarium_window_2, aquarium_window_fake,
          aquarium_window_1, aquarium_view_2g, aquarium_view_2a, aquarium_pool_1

Skill      XL: |  1  2 |
---------------+-------+-----
Ranged Weapons | 3 |  3.4
Fighting       | 2 |  2.0
Dodging        | |  1.5
Spellcasting   | |  1.0
Hexes          | |  2.6

Action                     || total
---------------------------++-------
   Fire: Sling             ||   104
    Use: Scroll            ||     2
 Armour: Robe              ||    41
  Dodge: Dodged            ||    68

Table legend:
 A = Non-vault XP
 B = Vault XP
 C = Vault XP percentage of total XP
 D = Non-vault monster count
 E = Vault monster count
 F = Vault count percentage of total count
                 A         B        C        D         E       F
            +---------+---------+-------+---------+---------+-------
      Total |      49 |       8 |  14.0 |      27 |       6 |  18.2
            +---------+---------+-------+---------+---------+-------
        D:1 |      44 |       8 |  15.4 |      24 |       6 |  20.0
        D:2 |       5 |       0 |   0.0 |       3 |       0 |   0.0
            +---------+---------+-------+---------+---------+-------
